 Dungeon Crawl Stone Soup version 0.32-a0-131-g9dbbe29261 (webtiles) character file.

Game seed: 14272116420671437900

8 Esekla the Sneak (level 2, -2/21 HPs)
             Began as an Octopode Delver on Feb 8, 2024.
             Slain by a hound (6 damage)
             ... on level 5 of the Dungeon.
             The game lasted 00:02:16 (115 turns).

Esekla the Sneak (Octopode Delver)                   Turns: 115, Time: 00:02:17

Health: -2/21      AC:  1    Str: 11    XL:     2   Next: 8%
Magic:  2/2        EV: 12    Int: 12    God:
Gold:   39         SH:  6    Dex: 13    Spells: 1/1 levels left

rFire   . . .        a - +0 falchion
rCold   . . .        g - +2 buckler
rNeg    . . .        (helmet restricted)
rPois   .            (no amulet)
rElec   .            (no ring)
rCorr   .            (no ring)
SInv    .            (no ring)
Will    .....        (no ring)
Stlth   ++++         (no ring)
HPRegen 0.23/turn    (no ring)
MPRegen 0.08/turn    (no ring)
                     (no ring)

%: no passive effects
@: no status effects
A: almost no armour, amphibious, 8 rings, camouflage 1, gelatinous body 1,
(nimble swimmer 1), tentacles
a: no special abilities


You were on level 5 of the Dungeon.
You visited 1 branch of the dungeon, and saw 1 of its levels.

You collected 39 gold pieces.

Inventory:

Hand Weapons
 a - a +0 falchion (weapon)
Armour
 g - a +2 buckler (worn)
Wands
 f - a wand of digging (1)
Scrolls
 b - a scroll of fog


   Skills:
 * Level 3.1 Fighting
 + Level 2.0 Long Blades
 * Level 2.1 Dodging
 + Level 6.8 Stealth
 * Level 0.3 Shields
 * Level 0.2 Spellcasting


You had one spell level left.
You didn't know any spells.
Your spell library was empty.

Dungeon Overview and Level Annotations

Branches:
Dungeon (5/15)
 Temple: D:4-7

Altars:
Gozag

Annotations:
D:5 Edmund; SirDiesAlot's ghost, novice OpFE


Innate Abilities, Weirdness & Mutations

You cannot wear most types of armour.
You are amphibious.
You can wear up to eight rings at the same time.
Your skin changes colour to match your surroundings (Stealth+).
Your rubbery body absorbs attacks. (AC +1, EV +1)
((You are camouflaged when in or above water. (Stealth+)))
You have tentacles for arms and can constrict up to eight enemies at once.


Message History

The jelly attacks as it pursues you! The jelly barely misses you.
The jelly attacks as it pursues you! You block the jelly's attack.
Aiming: Dig
Press: ? - help, Shift-Dir - straight line A rock wall.
The rock shatters into small pieces.
You block SirDiesAlot's ghost's attack.
Your extra speed is starting to run out.
There is an open translucent gate here.
You feel yourself slow down.
The hound barks!
You see here 12 gold pieces.
You now have 12 gold pieces.
The hound bites you. The hound misses you.
There is an opulent altar of Gozag, spattered with blood here.
You curl up in front of the altar of Gozag.
Gozag does not accept service from beggars like you!
The service fee for joining is currently 30 gold; you only have 12.
Unknown command.
Press < or > to pray at altars.
You see here 16 gold pieces.
You now have 28 gold pieces (gained 16).
The hound bites you. You block the hound's attack.
You see here 11 gold pieces.
You now have 39 gold pieces (gained 11).
The hound misses you.
The hound stops to sniff the ground.
You block the hound's attack.
Okay, then.
As you read the scroll of fear, it crumbles to dust.
You assume a fearsome visage.
SirDiesAlot's ghost is unaffected.
The hound looks frightened!
SirDiesAlot's ghost hits you.
* * * LOW HITPOINT WARNING * * *
There is an abandoned shop here.
Cornered, the hound turns to fight!
The hound stops to sniff the ground.
The hound attacks as it pursues you! You block the hound's attack.
The hound bites you.
You die...

**,,,,,,,,,,*
*,,,#####.###.#### **,,,,,,,,,*
***** ##.##.# *,,,,,,,,,*
##.#.### *,,,,,,,,,* #.w...##
*,,,,,,,,,*######### ##.......
*,,,,,,,,,##∩ß.##..# ##W.......
*,,,,,,,,,#.$...#..###........#
*,,,,,,,,,#ß..h$'..##.#.......#
**********#∩.ß@w'....##########
#ß.W..'....#**,,,,...
#.....#..#.....,,,...
##.ß.##..#......,,@..
#####.###.......,... ###
#.......*##. #.......* #.
#.......* #. *,,,,,,,* #.


You could see a ribbon worm, a hound and SirDiesAlot's ghost.

Vanquished Creatures
  A shadow imp (D:5)
1 creature vanquished.

Notes
Turn   | Place    | Note
-------+----------+-------------------------------------------
     0 | D:5      | Esekla the Octopode Delver began the quest for the Orb.
     0 | D:5      | Reached XP level 1. HP: 16/16 MP: 1/1
     2 | D:5      | Noticed Edmund
    42 | D:5      | Found a runed translucent gate.
    42 | D:5      | Found an opulent altar of Gozag.
    42 | D:5      | Found a runed translucent gate.
    42 | D:5      | Noticed a hound
    43 | D:5      | Found a runed translucent gate.
    43 | D:5      | Noticed a wraith
    45 | D:5      | Noticed a scorpion
    45 | D:5      | Noticed SirDiesAlot's ghost (novice OpFE)
    45 | D:5      | Noticed a wraith
    70 | D:5      | Noticed a jelly
    80 | D:5      | Reached XP level 2. HP: 8/21 MP: 2/2
   115 | D:5      | Slain by a hound

Illustrated notes

Levels and vault maps discovered:
D:5:      layout_basic, zin_academy, ebering_ghost_gozag, minmay_misc_feat_iff,
          hangedman_abyss_or_decor_stabs, uniq_edmund

Action                     || total
---------------------------++-------
  Melee: Falchion          ||     7
         Punch             ||     2
         Constrict         ||     1
         Tentacles         ||     1
  Evoke: Wand              ||     2
    Use: Scroll            ||     2
         Potion            ||     1
 Armour: Skin              ||     7
  Dodge: Dodged            ||     7
  Block: Buckler           ||     8

Table legend: (Time is in decaauts)
 A = Elapsed time spent in this place.
 B = Non-inter-level travel time spent in this place.
 C = Inter-level travel time spent in this place.
 D = Time resting spent in this place.
 E = Time spent auto-exploring this place.
 F = Levels seen in this place.
 G = Mean time per level.
                   A        B        C        D        E       F      G
               +--------+--------+--------+--------+--------+-----+--------+
         Total |     97 |     97 |      0 |      0 |      0 |   1 |   97.0 |
       Dungeon |     97 |     97 |      0 |      0 |      0 |   1 |   97.0 |
               +--------+--------+--------+--------+--------+-----+--------+

Top non-repeatable levels by time:
     D:5: 97 daAuts
